 Dungeon Sprint DCSS version 0.18.1-48-g4cf74bf (webtiles) character file.

735 Neosonic97 the Nimble (level 7, -3/69 HPs)
             Began as a Yellow Draconian Transmuter on Sept 9, 2016.
             Was the Champion of Cheibriados.
             Slain by a wolf spider (17 damage)
             ... in the Dungeon (Sprint V: "Ziggurat Sprint").
             The game lasted 00:03:44 (1115 turns).

Neosonic97 the Nimble (Yellow Draconian Transmuter) Turns: 1115, Time: 00:03:46

Health: -3/69      AC:  2    Str: 46    XL:     7   Next: 45%
Magic:  8/10       EV: 36    Int: 29    God:    Cheibriados [******]
Gold:   0          SH:  0    Dex: 31    Spells: 2 memorised, 6 levels left

rFire  . . .     SeeInvis .       - Unarmed
rCold  . . .     Gourm    .     (armour unavailable)
rNeg   . . .     Faith    .     (shield currently unavailable)
rPois  x         Spirit   .     (helmet currently unavailable)
rElec  .         Dismiss  .     (cloak currently unavailable)
rCorr  .         Reflect  .     (gloves currently unavailable)
SustAt .         Harm     .     (boots currently unavailable)
MR     .....     NoTele   +     (no amulet)
Stlth  +++.......               H - +6 ring of strength
                                G - +6 ring of strength

@: mighty, lethally poisoned (-3 -> -116), spider-form, very slow, not resistant
to hostile enchantments, fairly stealthy
A: (spit acid), (acid resistance), unfitting armour, (cold-blooded), AC +6
a: End Transformation, Bend Time, Temporal Distortion, Slouch, Step From Time,
Renounce Religion


You were in the Dungeon.
You worshipped Cheibriados.
Cheibriados was exalted by your worship.
You were not hungry.
You were a venomous arachnid creature.
You visited 1 branch

Inventory:

Missiles
 a - 1012 arrows
Jewellery
 C - a +6 ring of dexterity
 D - a +6 ring of dexterity
 E - a +6 ring of intelligence
 F - a +6 ring of intelligence
 G - a +6 ring of strength (left front leg)
 H - a +6 ring of strength (right front leg)
 I - an uncursed ring of protection from fire
Wands
 y - a wand of disintegration (7/24)
 z - a wand of iceblast (5/15)
 A - a wand of lightning (5/15)
 B - a wand of acid (5/15)
Scrolls
 i - 4 scrolls of blinking
 p - 4 scrolls of amnesia
 q - 3 scrolls of recharging
 r - 7 scrolls of fog
 s - a scroll of holy word
 t - 5 scrolls of identify
 u - 5 scrolls of remove curse
 v - 2 scrolls of fear
Potions
 d - 10 potions of curing
 e - 9 potions of heal wounds
 f - 8 potions of haste
 g - 7 potions of magic
 h - 3 potions of berserk rage
 j - 2 potions of brilliance
 k - 2 potions of invisibility
 l - 4 potions of resistance
 n - 6 potions of agility
 o - 3 potions of might
Books
 b - a book of Changes

   Spells                             Type                      Level
   a - Beastly Appendage              Transmutation                1
   b - Sticks to Snakes               Transmutation                2
   c - Spider Form                    Transmutation/Poison         3
   d - Ice Form                       Ice/Transmutation            4
   e - Blade Hands                    Transmutation                5
 J - a manual of
Armour
 K - a book of Cantrips

   Spells                             Type                      Level
   a - Corona                         Hexes                        1
   b - Animate Skeleton               Necromancy                   1
   c - Summon Small Mammal            Summoning                    1
   d - Apportation                    Translocation                1
Miscellaneous
 m - a disc of storms
 L - an ornate deck of defence
Comestibles
 c - 5 bread rations
 w - 42 fruits
 x - 4 meat rations


   Skills:
 * Level 8.6 Fighting
 * Level 11.3 Dodging
 + Level 1.2 Stealth
 - Level 3.0 Unarmed Combat
 - Level 2.0 Spellcasting
 * Level 8.2 Transmutations
 + Level 1.5 Poison Magic


You had 6 spell levels left.
You knew the following spells:

 Your Spells              Type           Power        Failure   Level  Hunger
a - Beastly Appendage     Trmt           ######       3%          1    None
b - Spider Form           Trmt/Pois      ####......   14%         3    ###....


Dungeon Overview and Level Annotations

Branches:
Dungeon (1/1)

Altars:
Ashenzari
Cheibriados
Dithmenos
Elyvilon
Fedhas
Gozag
Kikubaaqudgha
Makhleb
Nemelex Xobeh
Okawaru
Pakellas
Qazlal
Ru
Sif Muna
Trog
Vehumet
Xom
Yredelemnul
Zin
The Shining One
Beogh
Jiyva
Lugonu


Innate Abilities, Weirdness & Mutations

((You can spit globs of acid.))
((You are resistant to acid.))
((Your golden yellow scales are hard (AC +6).))
Your body does not fit into most forms of armour.
((You are cold-blooded and may be slowed by cold attacks.))


Message History

The wolf spider completely misses you. The redback bites you!
Drink which item? (? for menu, Esc to quit)
You feel very mighty all of a sudden.
You feel sick. The wolf spider hits you.
The wolf spider bites you but does no damage.
The redback completely misses you. The redback barely misses you.
The scorpion closely misses you. The wolf spider closely misses you.
The wolf spider completely misses you. The redback barely misses you.
The redback bites you!
* * * LOW HITPOINT WARNING * * *
You are more poisoned.
The redback poisons you!
Unknown command.
You hit the scorpion.
You kill the scorpion!
Cheibriados appreciates the change of pace.
* * * LOW HITPOINT WARNING * * *
You feel very sick. The wolf spider hits you!
You die...

▓▓▓▓▓▓▓▓▓▓▓▓▓▓▓▓▓▓▓
▓..8©8..▓ ▓..=[)..▓
▓..))"..▓ ▓.......▓
▓.......▓ ▓...s...▓
▓..ss†..▓ ▓.▓ss†▓.▓
▓.......▓ ▓▓▓▓▓▓▓▓▓


You could see a wolf spider, 2 redbacks and a scorpion.

Vanquished Creatures
  A redback (D)
  A golden eye (D)
  A water moccasin (D)
  A giant eyeball (D)
  A scorpion (D)
  A crimson imp (D)
  3 jellies (D)
  A quasit (D)
  An adder (D)
  A white imp (D)
  An ufetubus (D)
  An ooze (D)
  An adder zombie (D)
  2 bat skeletons (D)
  A ball python (D)
  A giant cockroach zombie (D)
  A giant gecko skeleton (D)
20 creatures vanquished.

Notes
Turn   | Place    | Note
--------------------------------------------------------------
     0 | D        | Neosonic97 the Draconian Transmuter began the quest for the Orb.
     0 | D        | Reached XP level 1. HP: 16/16 MP: 3/3
     0 | D        | Found a viscous altar of Jiyva.
     0 | D        | Found a roughly hewn altar of Beogh.
     0 | D        | Found a corrupted altar of Lugonu.
     0 | D        | Found a white marble altar of Elyvilon.
     0 | D        | Found a sparkling altar of Nemelex Xobeh.
     8 | D        | Found a burning altar of Makhleb.
     8 | D        | Found a deep blue altar of Sif Muna.
     8 | D        | Found an iron altar of Okawaru.
     8 | D        | Found a bloodstained altar of Trog.
     8 | D        | Found a radiant altar of Vehumet.
     8 | D        | Found a shimmering altar of Xom.
    29 | D        | Reached skill level 4 in Dodging
    29 | D        | Reached XP level 2. HP: 28/28 MP: 5/5
    70 | D        | Became a worshipper of Cheibriados the Contemplative
    89 | D        | Entered arena 1.
    92 | D        | Reached skill level 5 in Fighting
    92 | D        | Reached skill level 5 in Transmutations
    92 | D        | Reached XP level 3. HP: 25/36 MP: 4/6
    94 | D        | Reached * piety under Cheibriados
    94 | D        | Reached skill level 5 in Dodging
    94 | D        | Reached XP level 4. HP: 22/44 MP: 4/7
   250 | D        | Learned a level 3 spell: Spider Form
   251 | D        | Entered arena 2.
   251 | D        | Noticed a water moccasin
   267 | D        | Killed a water moccasin
   267 | D        | Reached skill level 7 in Dodging
   267 | D        | Reached XP level 5. HP: 9/51 MP: 5/8
   269 | D        | Reached ** piety under Cheibriados
   594 | D        | Entered arena 3.
   600 | D        | Reached *** piety under Cheibriados
   613 | D        | Reached skill level 8 in Dodging
   876 | D        | Entered arena 4.
   876 | D        | Noticed a giant eyeball
   876 | D        | Noticed a golden eye
   881 | D        | Killed a golden eye
   881 | D        | Reached **** piety under Cheibriados
   881 | D        | Reached skill level 9 in Dodging
   881 | D        | Reached skill level 1 in Poison Magic
   881 | D        | Reached XP level 6. HP: 61/61 MP: 5/9
   886 | D        | Paralysed by a giant eyeball for 3 turns
   894 | D        | Killed a giant eyeball
   898 | D        | Reached ***** piety under Cheibriados
   898 | D        | Reached skill level 10 in Dodging
  1078 | D        | Entered arena 5.
  1089 | D        | Your scales start taking on a golden yellow colour.
  1089 | D        | Reached XP level 7. HP: 67/69 MP: 7/10
  1094 | D        | Reached ****** piety under Cheibriados
  1105 | D        | Entered arena 6.
  1105 | D        | Noticed a redback
  1105 | D        | Noticed a redback
  1105 | D        | Noticed a wolf spider
  1105 | D        | Noticed a redback
  1110 | D        | Killed a redback
  1110 | D        | Reached skill level 11 in Dodging
  1110 | D        | Reached skill level 1 in Stealth
  1115 | D        | Slain by a wolf spider

Skill      XL: |  1  2  3  4  5  6  7 |
---------------+----------------------+-----
Fighting       | 4 5 6 7 8 |  8.6
Dodging        | 4 5 7 9 10 11 | 11.3
Transmutations | 4 5 6 7 8 |  8.2
Poison Magic   | 1 |  1.5
Stealth        | 1 |  1.2
Unarmed Combat | |  3.0
Spellcasting   | |  2.0

Action                   |  1- 3 |  4- 6 |  7- 9 || total
-------------------------+-------+-------+-------++-------
Melee: Unarmed           |     4 |    50 |    11 ||    65
       Headbutt          |     2 |       |       ||     2
       Tailslap          |     1 |       |       ||     1
       Punch             |     1 |       |       ||     1
 Cast: Beastly Appendage |     1 |       |       ||     1
       Spider Form       |       |     4 |     1 ||     5
  Use: Potion            |     1 |     2 |     1 ||     4
Armor: Skin              |     1 |    13 |     4 ||    18
Dodge: Dodged            |     3 |   159 |    47 ||   209
